 Dungeon Crawl Stone Soup version 0.18-a0-9-gd4dcb6f (webtiles) character file.

116 Frontstab the Ducker (level 5, -8/54 HPs)
             Began as an Octopode Berserker on Nov 1, 2015.
             Was a Believer of Trog.
             Mangled by Grinder (10 damage)
             ... while paralysed by Grinder
             ... on level 3 of the Dungeon.
             The game lasted 00:03:04 (1668 turns).

Frontstab the Ducker (Octopode Berserker)           Turns: 1668, Time: 00:03:04

Health: -8/54      AC:  1    Str: 22    XL:     5   Next: 1%
Magic:  5/5        EV:  2    Int: 10    God:    Trog [**....]
Gold:   201        SH:  0    Dex: 11    Spells: 0 memorised, 4 levels left

rFire  . . .     SeeInvis .     a - +0 hand axe
rCold  . . .     Clarity  .     (no shield)
rNeg   . . .     SustAt   .     (helmet restricted)
rPois  .         Gourm    .     (no amulet)
rElec  .         Spirit   .     (no ring)
rCorr  .         Warding  .     (no ring)
rMut   .         Stasis   .     (no ring)
MR     .....                    (no ring)
Stlth  ..........               (no ring)
                                (no ring)
                                (no ring)
                                (no ring)

@: paralysed, berserking, not resistant to hostile enchantments, extremely
unstealthy
A: almost no armour, amphibious, 8 rings, constrict 8, camouflage 1, gelatinous
body 1
a: Berserk, Trog's Hand, Burn Spellbooks, Renounce Religion


You were on level 3 of the Dungeon.
You worshipped Trog.
Trog was pleased with you.
You were hungry.

You visited 1 branch of the dungeon, and saw 3 of its levels.

You collected 201 gold pieces.

Inventory:

Hand Weapons
 a - a +0 hand axe (weapon)
Missiles
 e - a throwing net (quivered)
Jewellery
 d - a cursed amulet of inaccuracy {unknown}
Wands
 n - a wand of frost (24)
Scrolls
 f - 3 scrolls of identify {unknown}
 g - 2 scrolls of enchant armour {unknown}
 j - a scroll of magic mapping {unknown}
 p - 2 scrolls of remove curse {unknown}
 q - a scroll of teleportation {unknown}
 t - 2 scrolls of fog {unknown}
Potions
 i - 2 potions of lignification {unknown}
 l - a potion of brilliance {unknown}
 m - a potion of magic {unknown}
 r - a potion of flight {unknown}
 s - a potion of degeneration {unknown}
Comestibles
 b - a bread ration
 c - 3 meat rations
 h - a slice of pizza
 k - a beef jerky
 o - a chunk of flesh


   Skills:
 + Level 3.3 Fighting
 * Level 3.8 Axes
 * Level 3.9 Dodging
 * Level 3.4 Stealth


You had 4 spell levels left.
You didn't know any spells.

Dungeon Overview and Level Annotations

Branches:
Dungeon (3/15)

Altars:
Ashenzari
Fedhas
Ru
Sif Muna
Yredelemnul

Annotations:
D:3 Grinder


Innate Abilities, Weirdness & Mutations

You cannot wear most types of armour.
You are amphibious.
You can wear up to eight rings at the same time.
You can use your tentacles to constrict eight enemies at once.
Your skin changes colour to match your surroundings (Stealth).
Your rubbery body absorbs attacks (AC +1).


Message History

Grinder is nearby!
Grinder is nearby!
Grinder is nearby!
A red film seems to cover your vision as you go berserk!
You feel yourself moving faster!
You feel mighty!
You are feeling hungry.
Grinder gestures at you.
You suddenly lose the ability to move!
Grinder hits you! x2
You writhe in agony.
Grinder hits you!
* * * LOW HITPOINT WARNING * * *
You writhe in agony.
* * * LOW HITPOINT WARNING * * *
Grinder hits you.
* * * LOW HITPOINT WARNING * * *
You writhe in agony.
* * * LOW HITPOINT WARNING * * *
Grinder hits you!
You die...

.##.#####......## >.
..#.# ##.......##.# ...#
..#.###..#...>..#.##...#
#...##............#.....
.......##....###........
##.....##.##.####.......
###.....................
#..................#...#
.............###@.......
#..>.........# #5##.....
#....(.......# #.# ####
.............# #.#
.##...#####.## #.# .
#.### #.# ... . ... ..#
..# . .... ...


You could see Grinder.

Vanquished Creatures
  Jessica (D:2)
  Robin (D:2)
  4 adders (D:2)
  An ooze (D:1)
  A giant gecko (D:3)
  An orc (D:3)
  2 giant cockroaches (D:2)
  7 hobgoblins
  3 kobolds
  A bat (D:2)
  2 giant newts
  12 goblins
  3 rats
39 creatures vanquished.

Notes
Turn   | Place    | Note
--------------------------------------------------------------
     0 | D:1      | Frontstab the Octopode Berserker began the quest for the Orb.
     0 | D:1      | Reached XP level 1. HP: 16/16 MP: 1/1
   262 | D:1      | Reached skill level 1 in Stealth
   262 | D:1      | Reached XP level 2. HP: 19/21 MP: 2/2
   716 | D:2      | Found a basalt altar of Yredelemnul.
   754 | D:2      | Found a sacrificial altar of Ru.
   754 | D:2      | Found a deep blue altar of Sif Muna.
   767 | D:2      | Noticed Jessica
   772 | D:2      | Killed Jessica
   772 | D:2      | Reached XP level 3. HP: 26/26 MP: 3/3
   825 | D:2      | Reached XP level 4. HP: 31/31 MP: 4/4
  1091 | D:2      | Noticed Robin
  1097 | D:2      | Reached ** piety under Trog
  1103 | D:2      | Killed Robin
  1334 | D:2      | Found a blossoming altar of Fedhas.
  1335 | D:2      | Found a shattered altar of Ashenzari.
  1638 | D:3      | Reached XP level 5. HP: 26/36 MP: 5/5
  1661 | D:3      | Noticed Grinder
  1663 | D:3      | Paralysed by Grinder for 6 turns
  1667 | D:3      | HP: 2/54 [Grinder (6)]
  1668 | D:3      | Mangled by Grinder

Vault maps used:
D:1:      tarquinn_simple_flora_water_c, st_stairs_12
D:2:      minitemple, yredelemnul_altar_generic, uniq_robin, uniq_jessica
D:3:      hangedman_abyss_or_decor_lesser_grid, minmay_misc_feat_rugged,
          corner_web_ring, led_sif_pool, uniq_grinder

Action                   |  1- 3 |  4- 6 || total
-------------------------+-------+-------++-------
Melee: Hand axe          |    23 |    32 ||    55
Invok: Berserk           |     3 |     3 ||     6
 Stab: Sleeping          |     1 |     5 ||     6
  Eat: Chunk             |     2 |     5 ||     7
